[Event "Team 45 45 League T38"]
[Site "Internet Chess Club"]
[Date "2008.07.29"]
[Round "1"]
[White "lapau"]
[Black "JustinSane"]
[Result "1-0"]
[WhiteElo "2066"]
[BlackElo "2066"]
[Opening "Benoni defense"]
[ECO "A61"]
[Time "13:29:49"]
[TimeControl "2700+45"]

1. d4 Nf6 2. c4 c5 3. d5 e6 4. Nc3 exd5 5. cxd5 d6 6. Nf3 g6 7. Bf4 a6 8. a4 Bg7
9. h3 O-O 10. Nd2 Re8 11. g4 Qb6 12. Qc2 Qb4 13. Bxd6 Rd8 14. Be7 Rxd5 15. Bxf6
Rxd2 16. Qxd2 Bxf6 17. Nd5 Qxd2+ 18. Kxd2 Bd8 19. Bg2 Nc6 20. e3 Ba5+ 21. Ke2
Be6 22. Rac1 Bxd5 23. Bxd5 Bb4 24. Bxc6 bxc6 25. Rhd1 Rc8 26. Rd7 Kf8 27. Rcd1
Ke8 28. Ra7 {Black resigns} 1-0

[Event "Team 45 45 League T38"]
[Site "Internet Chess Club"]
[Date "2008.07.27"]
[Round "1"]
[White "tryanything"]
[Black "parrot9"]
[Result "0-1"]
[WhiteElo "1692"]
[BlackElo "1728"]
[Opening "Sicilian: closed, 2...Nc6"]
[ECO "B23"]
[Time "17:57:11"]
[TimeControl "2700+45"]

1. e4 c5 2. Nc3 Nc6 3. d3 e6 4. g3 d5 5. exd5 exd5 6. Bg2 Be6 7. Nge2 Nf6 8. O-O
Be7 9. d4 cxd4 10. Nxd4 Nxd4 11. Qxd4 O-O 12. Bf4 Qd7 13. a4 a6 14. Ne2 Rac8 15.
c3 Rc4 16. Qd2 Rxa4 17. Nd4 Rxa1 18. Rxa1 Bh3 19. Nf3 Bxg2 20. Kxg2 Ne4 21. Qc2
h6 22. Rd1 Nf6 23. c4 Rc8 24. b3 b5 25. Qa2 Qc6 26. cxb5 Qxb5 27. Nd4 Qb7 28.
Qe2 Bc5 29. Qa2 Re8 30. f3 Bxd4 31. Rxd4 Qb5 32. Rd2 Re1 33. Rf2 d4 34. Qd2 Rb1
35. Qxd4 Rxb3 36. Bxh6 Rd3 {White resigns} 0-1

[Event "Team 45 45 League T38 u"]
[Site "Internet Chess Club"]
[Date "2008.07.25"]
[Round "1"]
[White "ElmerHo"]
[Black "LIVVI"]
[Result "1-0"]
[WhiteElo "1646"]
[BlackElo "1475"]
[Opening "Caro-Masi defense"]
[ECO "B12"]
[Time "18:00:35"]
[TimeControl "2700+45"]

1. e4 c6 2. d4 Nf6 3. e5 Nd5 4. c4 Nc7 5. Nc3 d6 6. Nf3 dxe5 7. Nxe5 Nd7 8. Bf4
Ne6 9. Bg3 Nxe5 10. dxe5 Qd4 11. Qc2 Bd7 12. Rd1 Qb6 13. f4 Rd8 14. Bf2 Qa5 15.
g3 g6 16. Bg2 Ng7 17. O-O e6 18. Ne4 Be7 19. Nd6+ Bxd6 20. Rxd6 O-O 21. Rfd1 Bc8
22. Qd3 Rxd6 23. Qxd6 Nf5 24. Qd3 c5 25. a3 Qc7 26. g4 Ne7 27. Qd6 Qxd6 28. Rxd6
b6 29. Bh4 g5 30. Bxg5 Ng6 31. Bh6 Ba6 32. Bxf8 Kxf8 33. b3 Nxf4 34. Rd7 Ne2+
35. Kf2 Nd4 36. Rxa7 Nxb3 37. Rxa6 Na5 38. Rxb6 Nxc4 39. Rc6 Nxe5 40. a4 Kg7 41.
Rc8 f6 42. h3 Kh6 43. Kg3 c4 44. a5 f5 45. gxf5 exf5 46. a6 Kg5 47. Rg8+ Kf6 48.
a7 f4+ 49. Kxf4 c3 50. a8=Q Nd3+ 51. Ke3 h5 52. Qf3+ Ke5 53. Kxd3 c2 54. Kxc2 h4
55. Rg5+ Kd4 56. Qf4# {Black checkmated} 1-0

[Event "Team 45 45 League T38"]
[Site "Internet Chess Club"]
[Date "2008.07.27"]
[Round "1"]
[White "klutzer"]
[Black "Invicta-Knight"]
[Result "0-1"]
[WhiteElo "1606"]
[BlackElo "1478"]
[Opening "Trompowsky attack (Ruth, Opocenský opening)"]
[ECO "A45"]
[Time "08:08:02"]
[TimeControl "2700+45"]

1. d4 Nf6 2. Bg5 c5 3. Bxf6 gxf6 4. d5 Qb6 5. Qc1 d6 6. Nc3 f5 7. e3 e5 8. Nge2
Bd7 9. Rb1 Na6 10. Ng3 h5 11. Be2 h4 12. Nh5 O-O-O 13. Nf6 Bh6 14. O-O Nc7 15.
Qd1 Ne8 16. Nxe8 Rdxe8 17. a3 Reg8 18. b4 Qc7 19. Bb5 f4 20. exf4 Bh3 21. g3
Bxf1 22. Bxf1 Bxf4 23. bxc5 hxg3 {White resigns} 0-1

[Event "Team 45 45 League T38"]
[Site "Internet Chess Club"]
[Date "2008.07.23"]
[Round "1"]
[White "Hastings"]
[Black "rgadoury"]
[Result "1-0"]
[WhiteElo "1316"]
[BlackElo "1333"]
[Opening "King's gambit"]
[ECO "C30"]
[Time "12:19:31"]
[TimeControl "2700+45"]

1. e4 e5 2. f4 d6 3. Nf3 Be7 4. Bc4 exf4 5. d4 Bh4+ 6. Kf1 Bg4 7. Bxf4 Bxf3 8.
Qxf3 Nc6 9. Bxf7+ Kxf7 10. Bg5+ Nf6 11. Bxh4 Nxd4 12. Qc3 c5 13. Qc4+ Kg6 14. c3
Nc2 15. Qd3 Nxa1 16. e5+ Kh5 17. Qf5+ Kxh4 18. g3# {Black checkmated} 1-0

[Event "Team 45 45 League T38"]
[Site "Internet Chess Club"]
[Date "2008.07.27"]
[Round "1"]
[White "jordifp"]
[Black "rayngrant"]
[Result "1/2-1/2"]
[WhiteElo "1585"]
[BlackElo "1607"]
[Opening "Grünfeld with e3 & Qb3"]
[ECO "D95"]
[Time "07:05:19"]
[TimeControl "2700+45"]

1. d4 Nf6 2. c4 g6 3. Nf3 d5 4. e3 Bg7 5. Nc3 O-O 6. Qb3 c6 7. Be2 b6 8. O-O Be6
9. Ng5 dxc4 10. Nxe6 cxb3 11. Nxd8 Rxd8 12. axb3 Nd5 13. Bf3 e6 14. Na4 Nd7 15.
Bd2 Bf8 16. Rfc1 c5 17. dxc5 Nxc5 18. Nxc5 Bxc5 19. b4 Bf8 20. b5 Rd7 21. Ra4 f5
22. Rac4 Rad8 23. e4 Nf6 24. Bg5 Be7 25. exf5 exf5 26. g3 Ne4 27. Bxe7 Rxe7 28.
Rc8 Rxc8 29. Rxc8+ Kf7 30. Rc2 Nc5 31. Bc6 Nd3 32. b3 Re1+ 33. Kg2 Re7 34. Rd2
Nb4 35. Bf3 Kf6 36. Be2 h6 37. Bc4 g5 38. f3 f4 39. g4 Re5 40. Kf2 Re7 41. h3
Re3 42. Rd6+ Ke5 43. Rxh6 Kd4 44. h4 gxh4 45. Rxh4 Rc3 46. g5 Rc2+ 47. Ke1 Ke3
48. Kd1 Rd2+ 49. Kc1 Rg2 50. Rg4 Rxg4 51. fxg4 f3 52. g6 f2 53. Bf1 Nd5 54. g7
Ne7 55. Kc2 Kf4 56. Kd2 Kxg4 57. Ke3 Kg5 58. Kxf2 Kg6 59. g8=Q+ Nxg8 60. Ke3 Kf6
61. Ke4 Ke7 62. Kd5 Kd8 63. Kc6 Ne7+ 64. Kb7 Nc8 65. b4 Nd6+ 66. Kxa7 Kc7 67.
Bd3 Nc8+ 68. Ka8 Nd6 69. Be2 Nc8 70. Bf3 Nd6 71. Be2 Nf5 72. Ka7 Nd4 73. Bd3 Ne6
74. Be2 Nd4 75. Bd3 Ne6 76. Be4 Nd4 77. Bd3 Ne6 {Game drawn by repetition}
1/2-1/2

[Event "Team 45 45 League T38"]
[Site "Internet Chess Club"]
[Date "2008.07.24"]
[Round "1"]
[White "Fidelian"]
[Black "Enric666"]
[Result "1-0"]
[WhiteElo "1385"]
[BlackElo "1281"]
[Opening "Scandinavian (center counter) defense"]
[ECO "B01"]
[Time "15:12:38"]
[TimeControl "2700+45"]

1. e4 d5 2. e5 c5 3. Nf3 Nc6 4. Bb5 Bd7 5. Bxc6 Bxc6 6. d4 cxd4 7. Qxd4 e6 8.
Nc3 f6 9. Bd2 fxe5 10. Nxe5 Bd6 11. Nxc6 bxc6 12. Qxg7 Qf6 13. Qxf6 Nxf6 14.
O-O-O Ng4 15. Be3 e5 16. Rde1 O-O 17. f3 Nxe3 18. Rxe3 d4 19. Ne4 dxe3 20. Nxd6
Rfd8 21. Nc4 e2 22. Re1 Rd1+ 23. Rxd1 exd1=Q+ 24. Kxd1 Rd8+ 25. Ke2 Rd5 26. b3
Kf7 27. g3 Ke6 28. h4 Kf5 29. Ne3+ Ke6 30. Nxd5 Kxd5 31. Kd3 h5 32. c3 a5 33. a4
Kc5 34. Ke4 Kd6 35. Kf5 Kd5 36. Kg5 e4 37. fxe4+ Kxe4 38. Kxh5 Kd3 39. Kg5 Kxc3
40. h5 Kxb3 41. h6 c5 42. h7 c4 43. h8=Q c3 44. Qb8+ Kxa4 45. Qb1 Ka3 46. Kf4 a4
47. g4 c2 48. Qxc2 Kb4 49. Qa2 a3 50. Kf5 Ka4 51. g5 Kb5 52. g6 Kc5 53. g7 Kd4
54. g8=Q Kc5 55. Qgd5+ Kb6 56. Qab3+ Ka6 57. Qa8# {Black checkmated} 1-0

[Event "Team 45 45 League T38"]
[Site "Internet Chess Club"]
[Date "2008.07.24"]
[Round "1"]
[White "SuperPeon"]
[Black "therealwizard"]
[Result "0-1"]
[WhiteElo "2186"]
[BlackElo "2178"]
[Opening "Bishop's opening: Berlin defense"]
[ECO "C24"]
[Time "08:00:13"]
[TimeControl "2700+45"]

1. e4 e5 2. Bc4 Nf6 3. d3 Nc6 4. Nc3 Na5 5. Bb3 Nxb3 6. axb3 d5 7. exd5 Bb4 8.
Bd2 O-O 9. Nge2 Nxd5 10. Nxd5 Bxd2+ 11. Qxd2 Qxd5 12. O-O a6 13. Qb4 b6 14. Nc3
Qc6 15. Qe4 Bb7 16. Qxc6 Bxc6 17. Rfe1 f6 18. g3 a5 19. f4 exf4 20. gxf4 Rfe8
21. Kf2 Kf7 22. Ne2 Rad8 23. Rad1 h6 24. Ng3 g5 25. d4 gxf4 26. Nh5 Rxe1 27.
Rxe1 Rxd4 {White resigns} 0-1

[Event "Team 45 45 League T38"]
[Site "Internet Chess Club"]
[Date "2008.07.23"]
[Round "1"]
[White "decox"]
[Black "BrooklynDonnie"]
[Result "0-1"]
[WhiteElo "2050"]
[BlackElo "2091"]
[Opening "Sicilian: O'Kelly variation"]
[ECO "B28"]
[Time "19:53:01"]
[TimeControl "2700+45"]

1. e4 c5 2. Nf3 a6 3. c3 d5 4. e5 Nc6 5. d4 Bg4 6. Be2 e6 7. h3 Bxf3 8. Bxf3
cxd4 9. cxd4 Qb6 10. Be3 Qxb2 11. Nd2 Nxd4 12. O-O Nf5 13. Rb1 Nxe3 14. fxe3 Qc3
15. Rxb7 Qxe3+ 16. Kh1 Be7 17. Qa4+ Kf8 18. Bxd5 exd5 19. Qc6 Re8 20. Qxd5 Nh6
21. Rxe7 Rxe7 22. Qd8+ Re8 23. Qd6+ Kg8 24. Nc4 Qe2 25. Rf4 g6 26. Qd7 Kg7 27.
Nd6 Ref8 28. Qe7 Qxa2 29. Kh2 Qe6 30. Rxf7+ Qxf7 31. Nxf7 Rxf7 32. Qe6 Rhf8 33.
Qxa6 Re8 34. Qa1 Re6 35. Qd4 Rfe7 36. g4 Nf7 37. h4 Nxe5 38. g5 h6 39. gxh6+
Kxh6 40. Qf4+ Kh7 41. h5 gxh5 42. Qf5+ Kh6 43. Qf4+ Kg6 44. Qe4+ Kg7 45. Qg2+
Ng4+ {White resigns} 0-1

[Event "Team 45 45 League T38"]
[Site "Internet Chess Club"]
[Date "2008.07.27"]
[Round "1"]
[White "fishhead"]
[Black "MrShaw"]
[Result "1-0"]
[WhiteElo "1922"]
[BlackElo "1898"]
[Opening "French: Tarrasch, closed variation, main line"]
[ECO "C06"]
[Time "12:14:37"]
[TimeControl "2700+45"]

1. e4 e6 2. d4 d5 3. Nd2 Nf6 4. e5 Nfd7 5. Bd3 c5 6. c3 Nc6 7. Ne2 cxd4 8. cxd4
f6 9. f4 fxe5 10. fxe5 Nxd4 11. Nxd4 Qh4+ 12. g3 Qxd4 13. Nf3 Qb6 14. Qe2 Bc5
15. Ng5 Bb4+ 16. Kd1 g6 17. Nxh7 Rg8 18. Rf1 Qd4 19. Bf4 Nc5 20. Nf6+ Kf7 21.
Kc2 Na4 22. Bc1 Bd7 23. Nxd7+ Ke7 24. Nf6 Rgc8+ 25. Kb1 Rc3 26. Bxg6 Rac8 27.
Bg5 Rc1+ 28. Rxc1 Bd2 29. Qxd2 {Black resigns} 1-0

[Event "Team 45 45 League T38"]
[Site "Internet Chess Club"]
[Date "2008.07.29"]
[Round "1"]
[White "dalfonso"]
[Black "pishd"]
[Result "1/2-1/2"]
[WhiteElo "1896"]
[BlackElo "1850"]
[Opening "Caro-Kann: advance variation"]
[ECO "B12"]
[Time "15:03:04"]
[TimeControl "2700+45"]

1. e4 c6 2. d4 d5 3. e5 c5 4. dxc5 e6 5. Be3 Nh6 6. c3 Nd7 7. Bb5 Nf5 8. Bd4 a6
9. Ba4 Be7 10. Nf3 O-O 11. b4 a5 12. O-O axb4 13. cxb4 Nxd4 14. Nxd4 Nxe5 15.
Nd2 Bd7 16. Bxd7 Qxd7 17. Qb3 Nc6 18. N2f3 Nxd4 19. Nxd4 Qa4 20. Qe3 Bf6 21. a3
Rfe8 22. Ra2 e5 23. Nf5 Qc6 24. Nd6 d4 25. Qe4 Qxe4 26. Nxe4 Be7 27. Rc1 Red8
28. Kf1 f5 29. Nd2 Bg5 30. Ke1 e4 31. c6 bxc6 32. Rxc6 Rdc8 33. b5 Kf7 34. Rac2
Rxc6 35. bxc6 Rxa3 36. Nb1 Rb3 37. Nd2 Ra3 38. Nb1 Rb3 39. Nd2 Rb8 40. c7 Bxd2+
41. Kxd2 Rc8 42. Rc4 d3 43. f3 exf3 44. gxf3 Ke7 45. Kxd3 Kd6 46. Kd4 Rxc7 47.
Rxc7 Kxc7 48. Ke5 Kc6 49. Kxf5 Kd5 {Game drawn by mutual agreement} 1/2-1/2

[Event "Team 45 45 League T38"]
[Site "Internet Chess Club"]
[Date "2008.07.29"]
[Round "1"]
[White "trophyking"]
[Black "alexdb"]
[Result "1-0"]
[WhiteElo "2278"]
[BlackElo "2027"]
[Opening "Queen's Indian: old main line, 6.O-O"]
[ECO "E17"]
[Time "20:11:58"]
[TimeControl "2700+45"]

1. d4 Nf6 2. c4 e6 3. Nf3 b6 4. g3 Bb7 5. Bg2 Be7 6. O-O O-O 7. Re1 d5 8. cxd5
exd5 9. Nc3 Nbd7 10. Bf4 Nh5 11. Be3 Nhf6 12. Bf4 Nh5 13. Bd2 Nhf6 14. Rc1 c5
15. dxc5 bxc5 16. Nh4 Ne4 17. Nxe4 dxe4 18. Nf5 Nf6 19. Bg5 h6 20. Qb3 Bd5 21.
Nxe7+ Qxe7 22. Qxd5 Nxd5 23. Bxe7 Nxe7 24. Bxe4 Rab8 25. b3 Rfc8 26. Rc4 Rb4 27.
Rec1 Rxc4 28. Rxc4 Kf8 29. Kf1 Ke8 30. e3 Kd7 31. Ke2 Kd6 32. Ra4 Rc7 33. Ra6+
Kd7 34. Kd3 Kc8 35. Kc4 Kb8 36. Rd6 Kc8 37. Bg2 f5 38. e4 fxe4 39. Bxe4 Kb8 40.
Rd8+ Nc8 41. Bf5 Kb7 42. Rxc8 Rxc8 43. Bxc8+ Kxc8 44. Kxc5 {Black resigns} 1-0

[Event "Team 45 45 League T38"]
[Site "Internet Chess Club"]
[Date "2008.07.29"]
[Round "1"]
[White "Flying-Tiger"]
[Black "FriedEggs"]
[Result "0-1"]
[WhiteElo "1962"]
[BlackElo "1910"]
[Opening "Sicilian: Sveshnikov variation"]
[ECO "B33"]
[Time "18:56:51"]
[TimeControl "2700+45"]

1. e4 c5 2. Nf3 Nc6 3. d4 cxd4 4. Nxd4 Nf6 5. Nc3 e5 6. Ndb5 d6 7. Bg5 a6 8. Na3
b5 9. Bxf6 gxf6 10. Nd5 f5 11. Bd3 Be6 12. O-O Bxd5 13. exd5 Ne7 14. Nxb5 Bg7
15. Nc3 e4 16. Be2 O-O 17. Kh1 Ng6 18. f4 Kh8 19. Qd2 Bh6 20. g3 Qf6 21. Nd1 Bg7
22. c3 Ne7 23. Ne3 Qg6 24. Rg1 Ng8 25. g4 fxg4 26. Rxg4 Qf6 27. Rag1 Bh6 28. Bd1
Bxf4 29. Rxf4 Qxf4 30. Qd4+ f6 31. Rf1 Qe5 32. Qd2 f5 33. Nc4 Qf6 34. Qf4 Rad8
35. Bc2 Kg7 36. Ne3 Ne7 37. Rg1+ Ng6 38. Bd1 Kh8 39. Qh6 Ne5 40. Nxf5 Qxh6 41.
Nxh6 Nd3 42. b3 Nf2+ 43. Kg2 Nxd1 44. Rxd1 e3 45. Re1 Rde8 46. Ng4 Rg8 47. Kh3
e2 48. c4 h5 49. Nf2 Re3+ 50. Kh4 Rf8 {White resigns} 0-1

[Event "Team 45 45 League T38"]
[Site "Internet Chess Club"]
[Date "2008.07.25"]
[Round "1"]
[White "Emrebey"]
[Black "zachi"]
[Result "0-1"]
[WhiteElo "1638"]
[BlackElo "2006"]
[Opening "QGD Slav: 4.Nc3"]
[ECO "D15"]
[Time "09:00:57"]
[TimeControl "2700+45"]

1. c4 c6 2. d4 d5 3. Nf3 Nf6 4. Nc3 a6 5. a4 e6 6. Bg5 Bb4 7. Qc2 Nbd7 8. e3 Qa5
9. Bd3 dxc4 10. Bxc4 Ne4 11. Rc1 Nxg5 12. Nxg5 Qxg5 13. O-O Nf6 14. e4 O-O 15.
Bd3 e5 16. f4 exf4 17. e5 Bxc3 18. exf6 Bxd4+ 19. Kh1 g6 20. Qc4 Be3 21. Rce1
Be6 22. Qb4 c5 23. Qc3 Bd5 24. Qc2 Rfe8 25. a5 Rad8 26. Bc4 Be4 27. Qb3 Qxg2#
{White checkmated} 0-1

[Event "Team 45 45 League T38"]
[Site "Internet Chess Club"]
[Date "2008.07.24"]
[Round "1"]
[White "Philly-Boy"]
[Black "dmcheng"]
[Result "1-0"]
[WhiteElo "1837"]
[BlackElo "1516"]
[Opening "Grünfeld: Russian variation"]
[ECO "D81"]
[Time "21:58:25"]
[TimeControl "2700+45"]

1. d4 Nf6 2. c4 g6 3. Nc3 d5 4. Qb3 c6 5. Bg5 Ne4 6. Bh4 Bg7 7. e3 c5 8. cxd5
Nxc3 9. bxc3 cxd4 10. Bb5+ Bd7 11. exd4 O-O 12. Nf3 Bxb5 13. Qxb5 Qc7 14. c4 e5
15. Bg3 a6 16. Qb3 Qa5+ 17. Kf1 exd4 18. Qxb7 Qc3 19. Rd1 Qxc4+ 20. Kg1 Nd7 21.
Qxd7 Qc2 22. Rf1 d3 23. h3 d2 24. Kh2 Rfd8 25. Qc6 Qxa2 26. d6 Rac8 27. Qe4 a5
28. Rd1 Bc3 29. Bf4 Bb4 30. Nxd2 Bxd6 31. Rhf1 Bxf4+ 32. Qxf4 Qd5 33. Nf3 Qxd1
34. Rxd1 Rxd1 35. Qh6 f6 36. Qe3 Rd7 37. Qe6+ Rf7 38. Qxc8+ Kg7 39. Nd4 h5 40.
Ne6+ Kh7 41. Qe8 Ra7 42. Nf8+ Kg7 43. Qxg6+ Kxf8 44. Qxf6+ Ke8 45. Qh8+ {Black
resigns} 1-0

[Event "Team 45 45 League T38"]
[Site "Internet Chess Club"]
[Date "2008.07.28"]
[Round "1"]
[White "mickeys"]
[Black "bobscreech"]
[Result "1-0"]
[WhiteElo "1840"]
[BlackElo "1719"]
[Opening "QGD semi-Slav: 5.e3"]
[ECO "D45"]
[Time "19:00:38"]
[TimeControl "2700+45"]

1. d4 d5 2. Nf3 c6 3. c4 e6 4. e3 Nf6 5. Nc3 dxc4 6. Bxc4 b5 7. Bd3 Be7 8. O-O
O-O 9. Qc2 Bb7 10. e4 Na6 11. e5 Nb4 12. Qb1 Nxd3 13. exf6 Bxf6 14. Qxd3 c5 15.
Ne4 c4 16. Nxf6+ Qxf6 17. Qc3 Bxf3 18. Qxf3 Qxd4 19. Rd1 Qf6 20. Qxf6 gxf6 21.
Bh6 Rfd8 22. Kf1 Rd5 23. Rxd5 exd5 24. Rd1 Rd8 25. Rd4 b4 26. Rg4+ Kh8 27. Bg7+
Kg8 28. Bxf6+ Kf8 {Black resigns} 1-0

[Event "Team 45 45 League T38 u"]
[Site "Internet Chess Club"]
[Date "2008.07.25"]
[Round "1"]
[White "ollo"]
[Black "cityprosecutor"]
[Result "1-0"]
[WhiteElo "1760"]
[BlackElo "1805"]
[Opening "Sicilian: Grand Prix attack"]
[ECO "B21"]
[Time "18:22:49"]
[TimeControl "2700+45"]

1. e4 c5 2. f4 d5 3. exd5 Qxd5 4. Nc3 Qd8 5. b3 g6 6. Bb5+ Nd7 7. Nf3 a6 8. Bd3
Bg7 9. O-O Ngf6 10. Bb2 O-O 11. Qe2 b5 12. Rab1 Qb6 13. Rf2 e6 14. Ng5 Bb7 15.
Nce4 Nxe4 16. Bxe4 Nf6 17. Be5 h6 18. Qf3 Nxe4 19. Nxe4 f5 20. Bxg7 fxe4 21. Qc3
Rf7 22. Bxh6 Rc8 23. Qg3 Kh7 24. Qh3 Kg8 25. Qg4 Kh7 26. Bg5 c4 27. Qh4+ Kg8 28.
Bf6 Rh7 29. Qg5 Kf7 30. Bc3 Rg8 31. bxc4 Rh5 32. Qf6+ Ke8 33. a4 Rf5 34. Qd4
Qxd4 35. Bxd4 Bc6 36. g4 e5 37. axb5 axb5 38. Bxe5 Rf7 39. cxb5 Rb7 40. c4 Bd7
41. h3 Be6 42. c5 Bd7 43. b6 Bc6 44. f5 Ke7 45. Bd6+ Kf6 46. fxg6+ Kxg6 47. Rbf1
Bd5 48. Rf6+ Kh7 49. R6f5 Bc4 50. Rh5+ Kg6 51. Rff5 Ra8 52. Be5 e3 53. Rf6+ Kg7
54. Rfh6+ Kf7 55. Rf5+ Ke7 56. c6 exd2 57. Bd6+ Kd8 {Black resigns} 1-0

[Event "Team 45 45 League T38"]
[Site "Internet Chess Club"]
[Date "2008.07.27"]
[Round "1"]
[White "ElMarginal"]
[Black "GadsHill"]
[Result "0-1"]
[WhiteElo "1499"]
[BlackElo "1581"]
[Opening "Pirc defense"]
[ECO "B07"]
[Time "20:10:36"]
[TimeControl "2700+45"]

1. e4 d6 2. d4 Nf6 3. Nc3 Nbd7 4. Bc4 e5 5. Bg5 Be7 6. Nf3 h6 7. Bh4 O-O 8. O-O
c6 9. dxe5 dxe5 10. Bg3 Qc7 11. a3 Nh5 12. Bh4 Bxh4 13. Nxh4 Nf4 14. g3 Nh3+ 15.
Kg2 Nf6 16. Nf5 Ng5 17. Qe2 Be6 18. Rad1 Bxc4 19. Qxc4 Ne6 20. b4 b5 21. Qe2
Rad8 22. h4 Nd4 23. Nxd4 exd4 24. Nb1 Rfe8 25. f3 Qe5 26. Nd2 Nd5 27. Nb1 Ne3+
28. Kf2 Nxf1 29. Qxf1 a6 30. Nd2 c5 31. f4 Qc7 32. e5 cxb4 33. Qd3 bxa3 34. Qxa3
Qxc2 35. Ke1 Qc6 36. Rc1 Qh1+ 37. Nf1 d3 38. Kf2 Qe4 39. Re1 Qd4+ 40. Ne3 d2 41.
Rd1 Rc8 42. Ke2 Rc3 43. Qxc3 Qxc3 44. Rxd2 Qc7 45. Ra2 a5 46. Rc2 Qb7 47. Kf2
Rc8 48. Rb2 a4 49. Nf5 Rc3 50. Ne3 a3 {White resigns} 0-1

[Event "Team 45 45 League T38"]
[Site "Internet Chess Club"]
[Date "2008.07.26"]
[Round "1"]
[White "cysk"]
[Black "theartist"]
[Result "1-0"]
[WhiteElo "1442"]
[BlackElo "1182"]
[Opening "French: advance, Milner-Barry gambit"]
[ECO "C02"]
[Time "12:30:47"]
[TimeControl "2700+45"]

1. e4 e6 2. d4 d5 3. e5 c5 4. c3 Nc6 5. Nf3 Qb6 6. Bd3 cxd4 7. cxd4 Nxd4 8. Nxd4
Qxd4 9. Bb5+ Bd7 10. Bxd7+ Kxd7 11. Qxd4 Rc8 12. O-O Bc5 13. Qg4 g6 14. Be3 h5
15. Qa4+ Kd8 16. Bxc5 Rxc5 17. Qxa7 Rb5 18. b4 Ne7 19. Nc3 Rxb4 20. Qa5+ {Black
resigns} 1-0

[Event "Team 45 45 League T38"]
[Site "Internet Chess Club"]
[Date "2008.07.28"]
[Round "1"]
[White "SugarIslander"]
[Black "az2112"]
[Result "1-0"]
[WhiteElo "1638"]
[BlackElo "1708"]
[Opening "Pirc: classical (two knights) system"]
[ECO "B08"]
[Time "21:00:19"]
[TimeControl "2700+45"]

1. e4 d6 2. d4 Nf6 3. Nc3 g6 4. Nf3 Bg7 5. Bc4 c6 6. O-O b5 7. Bb3 b4 8. Na4
Nxe4 9. Re1 d5 10. Ng5 Nf6 11. Nc5 O-O 12. Bf4 h6 13. Nf3 Nbd7 14. Ne5 Nxe5 15.
dxe5 Nd7 16. Nxd7 Bxd7 17. Qd2 a5 18. a4 Kh7 19. Rac1 g5 20. Be3 Bxe5 21. Bxg5
Bxh2+ 22. Kxh2 hxg5 23. Qxg5 f6 24. Qh5+ Kg8 25. Qg6+ Kh8 26. Qh6+ Kg8 27. Re3
e5 28. Qg6+ Kh8 29. Qh5+ Kg7 30. Rg3+ Bg4 31. Rxg4# {Black checkmated} 1-0

[Event "Team 45 45 League T38"]
[Site "Internet Chess Club"]
[Date "2008.07.26"]
[Round "1"]
[White "Manch"]
[Black "sra66"]
[Result "0-1"]
[WhiteElo "1477"]
[BlackElo "1556"]
[Opening "QGD: Orthodox defense, Botvinnik variation"]
[ECO "D60"]
[Time "13:30:15"]
[TimeControl "2700+45"]

1. d4 d5 2. c4 e6 3. Nc3 Nf6 4. Bg5 Be7 5. Nf3 O-O 6. e3 Nbd7 7. Bd3 h6 8. Bh4
b6 9. O-O Bb7 10. cxd5 exd5 11. Rc1 c6 12. a3 a5 13. Qe2 Bd6 14. Bg3 Bxg3 15.
fxg3 Re8 16. h3 Re7 17. Qf2 b5 18. Nh4 b4 19. Nd1 Ba6 20. Bxa6 Rxa6 21. Nf5 Re6
22. Qf4 bxa3 23. bxa3 Qf8 24. Rc3 a4 25. g4 Nb6 26. Nb2 Ne4 27. Rd3 Ra7 28. Ra1
Rf6 29. Qh2 Rb7 30. Ng3 Qe8 31. Nxe4 Qxe4 32. Rad1 Nd7 33. Nxa4 Qxd3 34. Re1
{White resigns} 0-1

[Event "Team 45 45 League T38"]
[Site "Internet Chess Club"]
[Date "2008.07.26"]
[Round "1"]
[White "oldsj"]
[Black "Chess2Play"]
[Result "1-0"]
[WhiteElo "1619"]
[BlackElo "1557"]
[Opening "Sicilian: accelerated fianchetto, modern variation"]
[ECO "B34"]
[Time "19:31:40"]
[TimeControl "2700+45"]

1. e4 c5 2. Nf3 Nc6 3. d4 cxd4 4. Nxd4 g6 5. Nc3 Bg7 6. Be3 Nf6 7. f3 O-O 8. Qd2
Nxd4 9. Bxd4 d6 10. Bc4 Qc7 11. Bb3 e6 12. O-O-O Rd8 13. g4 b6 14. h4 h5 15.
gxh5 Nxh5 16. Bxg7 Kxg7 17. Rdg1 Bb7 18. Qg5 Rh8 19. f4 Qd8 20. Qg4 Qf6 21. Rf1
Qd4 22. Rhg1 Qe3+ 23. Kb1 Bxe4 24. Nxe4 Qxe4 25. f5 Qxg4 26. Rxg4 exf5 27. Rxf5
Rhf8 28. Rxh5 f5 29. Rg1 Rf6 30. Rhg5 Kh6 31. Re1 Rc8 32. c3 Rc5 33. Rgg1 Re5
34. Rxe5 dxe5 35. Bd1 e4 36. Kc2 f4 37. Rg4 e3 38. Bf3 Kg7 39. h5 Rd6 40. Rxg6+
Rxg6 41. hxg6 Kxg6 42. Kd3 Kf5 43. Kd4 a6 44. a4 a5 45. b4 axb4 46. cxb4 Kg5 47.
Ke5 {Black resigns} 1-0

[Event "Team 45 45 League T38"]
[Site "Internet Chess Club"]
[Date "2008.07.28"]
[Round "1"]
[White "Ser-Enigma"]
[Black "cappelo-upgrate"]
[Result "0-1"]
[WhiteElo "2081"]
[BlackElo "2227"]
[Opening "Catalan: closed, Qc2 & b3"]
[ECO "E06"]
[Time "14:08:38"]
[TimeControl "2700+45"]

1. d4 d5 2. Nf3 Nf6 3. c4 e6 4. g3 Be7 5. Bg2 O-O 6. b3 c6 7. Qc2 Nbd7 8. O-O b6
9. Rd1 Ba6 10. Nbd2 Rc8 11. e4 dxe4 12. Nxe4 Nxe4 13. Qxe4 Nf6 14. Qc2 Qe8 15.
Ng5 Bb7 16. h4 h6 17. Nh3 Bd6 18. Bf4 Bxf4 19. Nxf4 Qe7 20. Qe2 Rfd8 21. Rd2 Rc7
22. Rad1 Rcd7 23. Bh3 Qb4 24. Qe3 Qa5 25. a4 Rd6 26. Rd3 c5 27. d5 exd5 28. Bg2
d4 29. Bxb7 dxe3 30. Rxd6 Rxd6 31. Rxd6 Qe1+ 32. Kg2 exf2 {White resigns} 0-1

[Event "Team 45 45 League T38"]
[Site "Internet Chess Club"]
[Date "2008.07.27"]
[Round "1"]
[White "proudchess"]
[Black "JoshRom"]
[Result "1-0"]
[WhiteElo "1971"]
[BlackElo "2072"]
[Opening "Sicilian: dragon, 6.Be3"]
[ECO "B72"]
[Time "14:03:37"]
[TimeControl "2700+45"]

1. e4 c5 2. Nf3 d6 3. d4 cxd4 4. Nxd4 Nf6 5. Nc3 g6 6. Be3 Bg7 7. Qd2 Ng4 8. Bg5
h6 9. Bh4 Nc6 10. Ndb5 a6 11. Na3 g5 12. Bg3 Be6 13. Bc4 Bxc4 14. Nxc4 b5 15. h3
Nf6 16. Ne3 b4 17. Ncd1 Rc8 18. Qd3 a5 19. Nf5 Bf8 20. Nde3 Nh5 21. Bh2 Nf4 22.
Bxf4 gxf4 23. Nc4 Rg8 24. g4 b3 25. axb3 Nb4 26. Qd2 Rc5 27. c3 Nc6 28. Qxf4
Rxc4 29. bxc4 Ne5 30. Kf1 Rg6 31. b3 Qb6 32. Nd4 Rf6 33. Qg3 e6 34. f4 Nd7 35.
Kg2 e5 36. fxe5 dxe5 37. Nf5 Qxb3 38. Rxa5 Qb2+ 39. Qf2 Qb7 40. Re1 Rc6 41. Ra7
Qc8 42. Qa2 {Black resigns} 1-0

[Event "Team 45 45 League T38"]
[Site "Internet Chess Club"]
[Date "2008.07.24"]
[Round "1"]
[White "mcplayerus"]
[Black "alo"]
[Result "1-0"]
[WhiteElo "2008"]
[BlackElo "1850"]
[Opening "QGD semi-Slav: anti-Meran gambit"]
[ECO "D44"]
[Time "16:05:42"]
[TimeControl "2700+45"]

1. d4 d5 2. c4 c6 3. Nc3 Nf6 4. Nf3 e6 5. Bg5 dxc4 6. e4 b5 7. e5 h6 8. Bh4 g5
9. Nxg5 hxg5 10. Bxg5 Nbd7 11. exf6 Bb7 12. g3 Qb6 13. Bg2 O-O-O 14. O-O Bh6 15.
Qh5 Bxg5 16. Qxg5 c5 17. Bxb7+ Kxb7 18. d5 Rh3 19. Qg7 Ne5 20. Rfe1 Rdh8 21.
Rxe5 Rxh2 22. Rxe6 Qd8 23. Qxf7+ Kb8 24. Re8 Rxe8 25. Kxh2 b4 26. Nb5 Rh8+ 27.
Kg1 Qb6 28. Qd7 a6 29. Nd6 Rd8 30. Nxc4 Qxf6 31. Ne5 Rc8 32. Nc6+ Rxc6 33. dxc6
{Black resigns} 1-0

[Event "Team 45 45 League T38"]
[Site "Internet Chess Club"]
[Date "2008.07.29"]
[Round "1"]
[White "touchthis"]
[Black "charles-allen"]
[Result "0-1"]
[WhiteElo "1791"]
[BlackElo "1816"]
[Opening "Bird's opening"]
[ECO "A03"]
[Time "19:30:12"]
[TimeControl "2700+45"]

1. f4 d5 2. e3 Nf6 3. Nf3 Bg4 4. Be2 Nbd7 5. b3 e6 6. Bb2 Bd6 7. O-O O-O 8. Nc3
c6 9. h3 Bxf3 10. Bxf3 e5 11. fxe5 Nxe5 12. Qe2 Re8 13. Nd1 Qc7 14. Nf2 Re6 15.
Ng4 Nxf3+ 16. Qxf3 Ne4 17. Rad1 h5 18. d3 hxg4 19. Qxg4 Rg6 20. Qf3 Bh2+ 21. Kh1
Ng3+ {White resigns} 0-1